 Dungeon Crawl Stone Soup version 0.31-a0-1204-ge2c1a860ed (webtiles) character file.

Game seed: 13987132734497186679

88 lunkers the Insei (level 5, 0/42 HPs)
             Began as a Meteoran Shapeshifter on Dec 12, 2023.
             Slain by an orc
             ... wielding a +0 trident
              (8 damage)
             ... on level 3 of the Dungeon.
             The game lasted 00:02:52 (955 turns).

lunkers the Insei (Meteoran Shapeshifter)            Turns: 955, Time: 00:02:52

Health: 0/42       AC:  2    Str: 15    XL:     5   Next: 9%
Magic:  6/6        EV: 13    Int: 17    God:
Gold:   54         SH:  0    Dex: 16    Spells: 4/4 levels left

rFire   . .          .
                       - Unarmed
rCold   . . .        (no shield)
rNeg    . . .        a - +0 animal skin
rPois   .            (helmet currently unavailable)
rElec   .            (cloak currently unavailable)
rCorr   .            (gloves currently unavailable)
SInv    .            (boots currently unavailable)
Will    .....        (no amulet)
Stlth   +            e - +6 ring of intelligence
HPRegen 0.27/turn    (no ring)
MPRegen 0.10/turn

%: no passive effects
@: beast-form, glowing
A: beast (slay +2), sense surroundings 1, otherworldly, glowing, explore regen
a: Begin Untransformation


You were on level 3 of the Dungeon.
You were a hulking beast.
You visited 1 branch of the dungeon, and saw 3 of its levels.

You collected 54 gold pieces.

Inventory:

Armour
 a - a +0 animal skin (worn)
 l - a +0 pair of boots
 m - a +0 cloak
Jewellery
 e - a +6 ring of intelligence (left hand)
Talismans
 c - a beast talisman
 d - a flux talisman
Scrolls
 h - a scroll of teleportation {unknown}
 j - a scroll of vulnerability {unknown}
 k - 2 scrolls of enchant armour {unknown}
Potions
 b - a potion of curing
 f - 2 potions of brilliance {unknown}
 g - a potion of cancellation {unknown}
 i - a potion of berserk rage {unknown}


   Skills:
 + Level 2.4 Fighting
 + Level 3.1 Dodging
 + Level 4.4 Unarmed Combat
 + Level 4.3 Shapeshifting


You had 4 spell levels left.
You didn't know any spells.
Your spell library contained the following spells:

 Spells                   Type           Power      Damage    Failure   Level
 Magic Dart               Conj           0%         1d3       24%         1
 Searing Ray              Conj           0%         2d4       34%         2
 Fulminant Prism          Conj/Hex       0%         3d5       93%         4


Dungeon Overview and Level Annotations

Branches:
Dungeon (3/15) Zot: 854

Altars:

Shops:
D:2 *


Innate Abilities, Weirdness & Mutations

You are a hulking beast.
Your limbs bulge with bestial killing power. (Slay +2)
You passively map a small area around you.
You are easily found by Zot.
You glow in the dark.
You regain HP and MP as you explore.


Message History

You barely miss the orc.
The orc is heavily wounded.
You feel sick. The orc hits you with a +0 short sword.
* * * LOW HITPOINT WARNING * * *
You hit the orc.
The orc is almost dead.
You feel sick. The orc misses you.
You hit the orc.
The orc is almost dead.
You feel sick.
You are no longer poisoned.
The orc barely misses you.
You barely miss the orc.
The orc is almost dead.
The orc misses you.
You hit the orc.
You kill the orc!
You barely miss the orc. The orc hits you with a +0 hand axe.
* * * LOW HITPOINT WARNING * * *
The orc closely misses you.
A kobold comes into view. It is wielding a +0 club.
You completely miss the orc.
The kobold shouts!
The orc hits you from afar with a +0 trident.
* * * LOW HITPOINT WARNING * * *
The orc hits you with a +0 hand axe.
* * * LOW HITPOINT WARNING * * *
You hit the orc.
The orc is almost dead.
The orc barely misses you. The orc closely misses you.
You punch the orc!
You kill the orc!
The orc hits you from afar with a +0 trident.
* * * LOW HITPOINT WARNING * * *
The orc barely misses you.
Things that are here:
a +0 hand axe; an orc corpse
Okay, then.
You barely miss the orc. The orc hits you with a +0 trident!
You die...

######
#....##
#.#...#
#.#...#
#h#<).#
#o#####*
* , **
#r#,,, ,
.K#, , ,
, , #..
,, ... ,
, ,#.# *
#.# * *
,


You could see an orc, a kobold and a rat.

Vanquished Creatures
  5 adders
  A worm (D:2)
  A dart slug (D:1)
  3 orcs (D:3)
  4 ball pythons (D:1)
  A bat (D:1)
  2 endoplasms (D:1)
  A giant cockroach (D:1)
  3 goblins
  2 hobgoblins
  4 jackals (D:1)
  2 frilled lizards (D:2)
  3 kobolds
  4 rats
36 creatures vanquished.

Notes
Turn   | Place    | Note
-------+----------+-------------------------------------------
     0 | D:1      | lunkers the Meteoran Shapeshifter began the quest for the
                  | Orb.
     0 | D:1      | Reached XP level 1. HP: 16/16 MP: 2/2
    23 | D:1      | Reached XP level 2. HP: 14/23 MP: 3/3
    64 | D:1      | Reached XP level 3. HP: 26/28 MP: 4/4
   531 | D:2      | HP: 2/43 [poisoned by an adder]
   533 | D:2      | Reached XP level 4. HP: 2/36 MP: 5/5
   634 | D:2      | Found Ygankill's General Store.
   674 | D:2      | Found a faded altar of an unknown god.
   936 | D:3      | Reached XP level 5. HP: 32/42 MP: 6/6
   955 | D:3      | Slain by an orc

Illustrated notes

Levels and vault maps discovered:
D:1:      erik_arrival_cave_to_civilisation [erik_arrival_cave_to_hall],
          layout_loops_ring
D:2:      layout_loops_corners, shapermc_ecumenical_altar_ellora, serial_shops,
          shop, minivault_24, kennysheep_nub
D:3:      layout_basic, mainiacjoe_overflow_alcove_4, minivault_27, uniq_grinder

Skill      XL: |  1  2  3  4 |
---------------+-------------+-----
Unarmed Combat | 4 |  4.4
Shapeshifting  | 4 |  4.3
Fighting       | 2 |  2.4
Dodging        | 3 |  3.1

Action                     |  1- 3 |  4- 6 || total
---------------------------+-------+-------++-------
  Melee: Unarmed           |    66 |    62 ||   128
         Punch             |     2 |     2 ||     4
    Use: Potion            |     1 |     1 ||     2
 Armour: Animal skin       |    24 |    28 ||    52
  Dodge: Dodged            |    46 |    28 ||    74

Table legend: (Time is in decaauts)
 A = Elapsed time spent in this place.
 B = Non-inter-level travel time spent in this place.
 C = Inter-level travel time spent in this place.
 D = Time resting spent in this place.
 E = Time spent auto-exploring this place.
 F = Levels seen in this place.
 G = Mean time per level.
                   A        B        C        D        E       F      G
               +--------+--------+--------+--------+--------+-----+--------+
         Total |    944 |    944 |      0 |     28 |    632 |   3 |  314.7 |
       Dungeon |    944 |    944 |      0 |     28 |    632 |   3 |  314.7 |
               +--------+--------+--------+--------+--------+-----+--------+

Top non-repeatable levels by time:
     D:1: 458 daAuts
     D:2: 452 daAuts
     D:3: 33 daAuts
